 Dungeon Crawl Stone Soup version 0.25.0-3-gd7cc5688da (webtiles) character file.

Game seed: 1652040970150460135

125 Froggeryz the Shield-Bearer (level 5, -3/32 HPs)
             Began as a Gargoyle Fighter on June 15, 2020.
             Slain by an iron imp (7 damage)
             ... summoned by Natasha
             ... on level 4 of the Dungeon.
             The game lasted 00:02:30 (2469 turns).

Froggeryz the Shield-Bearer (Gargoyle Fighter)      Turns: 2469, Time: 00:02:30

Health: -3/32      AC: 12    Str: 20    XL:     5   Next: 9%
Magic:  5/5        EV:  7    Int:  9    God:
Gold:   201        SH:  9    Dex:  9    Spells: 4/4 levels left

rFire    . . .     SeeInvis .   a - +0 flail
rCold    . . .     Gourm    .   c - +0 kite shield
rNeg     + . .     Faith    .   b - +0 scale mail
rPois    ∞         Spirit   .   l - +0 helmet (curse)
rElec    +         Reflect  .   (no cloak)
rCorr    .         Harm     .   (no gloves)
MR       .....                  (no boots)
Stlth    ..........             (no amulet)
HPRegen  0.10/turn              g - ring of flight
MPRegen  0.09/turn              (no ring)

@: mighty
A: negative energy resistance 1, electricity resistance, unbreathing,
petrification resistance, rot immunity, AC +4
a: Evoke Flight


You were on level 4 of the Dungeon.
You were hungry.

You visited 1 branch of the dungeon, and saw 4 of its levels.

You collected 201 gold pieces.

Inventory:

Hand Weapons
 a - a +0 flail (weapon)
Armour
 b - a +0 scale mail (worn)
 c - a +0 kite shield (worn)
 l - a cursed +0 helmet (worn)
Jewellery
 g - a ring of flight (left hand)
Scrolls
 e - a scroll of amnesia
 h - 2 scrolls of identify
 i - a scroll of enchant armour {unknown}
 j - a scroll of remove curse
 k - a scroll of fear {unknown}
 m - a scroll of blinking {unknown}
 p - a scroll of teleportation
Potions
 d - 2 potions of might
Comestibles
 f - 8 rations
 q - a chunk of flesh


   Skills:
 + Level 3.3 Fighting
 * Level 4.3 Maces & Flails
 - Level 3.2 Armour
 - Level 4.3 Shields


You had 4 spell levels left.
You didn't know any spells.
Your spell library was empty.

Dungeon Overview and Level Annotations

Branches:
Dungeon (4/15)
 Temple: D:4-7

Altars:
Cheibriados
Sif Muna

Annotations:
D:4 Natasha


Innate Abilities, Weirdness & Mutations

You are resistant to torment.
Your stone body is resilient. (AC +4)
You are immune to poison.
You resist negative energy. (rN+)
You are resistant to electric shocks. (rElec)
You can survive without breathing.
You are immune to petrification.
You are immune to rotting.


Message History

* * * LOW HITPOINT WARNING * * *
You closely miss Natasha.
Natasha is heavily wounded.
Natasha claws you but does no damage.
You closely miss Natasha.
Natasha is heavily wounded.
You block Natasha's attack.
Your shield and scale mail prevent you from hitting Natasha.
Natasha is heavily wounded.
Natasha barely misses you.
The howler monkey hoots and howls with incredible vigour!
Natasha mumbles some strange words.
You are feeling hungry.
Your shield and scale mail prevent you from hitting Natasha.
Natasha is heavily wounded.
Natasha closely misses you.
You closely miss Natasha.
Natasha is heavily wounded.
The iron imp hits you!
You die...

#...........# #..####
###########.# #..####
...........# #..#...
#########..# #..#...
.........###..#...
#######.......#...
###.##### ##..........
......5.## #..........
#@.# #..........
####h#####..........
#..Zh5..............
#.###.####..........
.#.###...............
......................
#.#.###...##..........
#.#.##..........
#.#..#..........


You could see a howler monkey, an iron imp (summoned), Natasha and a crimson imp
(summoned).

Vanquished Creatures
  A gnoll (D:1)
  4 adders
  An ooze (D:3)
  2 worms
  4 dart slugs
  4 leopard geckos
  3 orcs (D:3)
  A ball python (D:3)
  A giant cockroach (D:1)
  7 goblins
  8 hobgoblins
  2 quokkas (D:2)
  4 bats
  4 frilled lizards
  5 kobolds
  4 rats (D:2)
55 creatures vanquished.

Notes
Turn   | Place    | Note
-------+----------+-------------------------------------------
     0 | D:1      | Froggeryz the Gargoyle Fighter began the quest for the Orb.
     0 | D:1      | Reached XP level 1. HP: 14/14 MP: 1/1
   115 | D:1      | Reached XP level 2. HP: 15/19 MP: 2/2
   286 | D:1      | Reached XP level 3. HP: 10/23 MP: 3/3
   791 | D:2      | Found a snail-covered altar of Cheibriados.
   846 | D:2      | Found a faded altar of an unknown god.
  1144 | D:2      | Reached XP level 4. HP: 23/28 MP: 4/4
  1173 | D:2      | Found a shimmering blue altar of Sif Muna.
  2105 | D:3      | Reached XP level 5. HP: 32/32 MP: 5/5
  2441 | D:4      | Noticed Natasha
  2469 | D:4      | Slain by an iron imp

Illustrated notes

Levels and vault maps discovered:
D:1:      eino_arrival_water_star, layout_basic
D:2:      layout_basic, led_sif_pool, chequers_ecumenical_altar_simple,
          kennysheep_slug_shrine
D:3:      layout_basic, first_ration
D:4:      layout_basic, serial_shops, shop, uniq_natasha

Skill      XL: |  1  2  3  4 |
---------------+-------------+-----
Maces & Flails | 3 4 |  4.3
Shields        | 4 |  4.3
Fighting       | |  3.3
Armour         | |  3.2

Action                   |  1- 3 |  4- 6 || total
-------------------------+-------+-------++-------
Melee: Flail             |   117 |   130 ||   247
  Use: Scroll            |     4 |       ||     4
       Potion            |       |     3 ||     3
  Eat: Chunk             |     1 |     4 ||     5
Armor: Scale mail        |    64 |    79 ||   143
Dodge: Dodged            |    50 |    35 ||    85
Block: Kite shield       |    67 |    65 ||   132
